 Dungeon Crawl Stone Soup version 0.30-a0-622-gddc90eaa04 (webtiles) character file.

Game seed: 6188766841531340973

172 PyroL the Grave Robber (level 5, -5/35 HPs)
             Began as a Demonspawn Necromancer on Jan 10, 2023.
             Slain by a wraith (7 damage)
             ... in an ossuary.
             The game lasted 00:09:03 (3521 turns).

PyroL the Grave Robber (Demonspawn Necromancer)     Turns: 3521, Time: 00:09:03

Health: -5/35      AC:  3    Str:  9    XL:     5   Next: 27%
Magic:  0/9        EV: 12    Int: 18    God:
Gold:   185        SH:  0    Dex: 13    Spells: 2/10 levels left

rFire   . . .      SeeInvis .    f - +0 whip (elec)
rCold   . . .      Faith    +    (no shield)
rNeg    . . .      Spirit   +    a - +0 robe
rPois   +          Reflect  .    (no helmet)
rElec   .          Harm     .    (no cloak)
rCorr   .          Rampage  .    (no gloves)
Will    .....                    n - +0 pair of boots
Stlth   ++                       x - amulet of faith
HPRegen 0.25/turn                u - ring of poison resistance
MPRegen 0.22/turn                (no ring)

@: hasted and slowed
A: magic shield, magic regeneration
a: no special abilities


You were in an ossuary.
You visited 2 branches of the dungeon, and saw 5 of its levels.
You also visited: Ossuary.

You collected 185 gold pieces.

Inventory:

Hand Weapons
 f - a +0 whip of electrocution (weapon)
Missiles
 v - 7 poisoned darts
Armour
 a - a +0 robe (worn)
 n - a +0 pair of boots (worn)
 w - the +2 scale mail "Aplyceorr" {+Blink Str+3}
   (You found it on level 3 of the Dungeon)

   Str:       It affects your strength (+3).
   +Blink:    It lets you blink.
Jewellery
 u - a ring of poison resistance (left hand)
 x - an amulet of faith (around neck)
Wands
 p - a wand of digging (3)
 y - a wand of iceblast (9)
 B - a wand of flame (17)
Scrolls
 c - a scroll of teleportation {unknown}
 d - a scroll of brand weapon
 e - 2 scrolls of fear
 h - 2 scrolls of blinking {unknown}
 i - a scroll of enchant armour {unknown}
 l - 2 scrolls of amnesia
 o - a scroll of torment {unknown}
 q - 2 scrolls of noise
 z - a scroll of butterflies {unknown}
 C - a scroll of acquirement {unknown}
Potions
 b - 2 potions of magic
 j - 2 potions of haste
 k - a potion of cancellation
 m - a potion of attraction
 r - a potion of flight {unknown}
 s - a potion of curing {unknown}
 t - a potion of berserk rage {unknown}
 A - a potion of mutation {unknown}
 D - a potion of degeneration {unknown}


   Skills:
 + Level 0.8 Armour
 - Level 2.0 Dodging
 - Level 2.0 Stealth
 - Level 3.1 Spellcasting
 * Level 6.2 Necromancy


You had 2 spell levels left.
You knew the following spells:

 Your Spells              Type           Power      Damage    Failure   Level
a - Necrotise             Necr           100%       1d9       1%          1
b - Vampiric Draining     Necr           25%        2d7       3%          3
c - Animate Dead          Necr           25%        N/A       12%         4

Your spell library contained the following spells:

 Spells                   Type           Power      Damage    Failure   Level
 Agony                    Necr           25%        N/A       34%         5


Dungeon Overview and Level Annotations

Branches:
Dungeon (4/15)             Temple (1/1) D:4         Ossuary (1/1)

Altars:
Ashenzari
Cheibriados
Dithmenos
Gozag
Nemelex Xobeh
Ru
Trog


Innate Abilities, Weirdness & Mutations

When hurt, damage is shared between your health and your magic reserves.
You regenerate magic rapidly.


Message History

The wraith is almost destroyed.
The wraith closely misses you. The wraith hits you but does no damage.
You barely miss the wraith.
The wraith is almost destroyed.
The wraith hits you.
* * * LOW HITPOINT WARNING * * *
The wraith drains your vigour!
You feel as though you will be slow longer.
The wraith hits you!
* * * LOW HITPOINT WARNING * * *
The wraith drains your vigour!
You feel as though you will be slow longer.
You feel yourself speed up. The wraith barely misses you.
You closely miss the wraith.
The wraith is almost destroyed.
The wraith hits you.
* * * LOW HITPOINT WARNING * * *
You barely miss the wraith.
The wraith is almost destroyed.
The wraith barely misses you.
You closely miss the wraith.
The wraith is almost destroyed.
The wraith hits you but does no damage.
You hit the wraith but do no damage.
The wraith is almost destroyed.
The wraith misses you.
You closely miss the wraith.
The wraith is almost destroyed.
The wraith closely misses you. The wraith hits you.
* * * LOW HITPOINT WARNING * * *
The wraith drains your vigour!
You feel as though you will be slow longer.
Okay, then.
You closely miss the wraith.
The wraith is almost destroyed.
The wraith completely misses you.
You hit the wraith but do no damage.
The wraith is almost destroyed.
The wraith hits you!
You die...

###############
...............
...............
#####'#####
##.........##
##...#####...##
##...##...##...##
#...##.?.!.##...#
+...@W.!!!!.#...+
#...##.!...##...#
##...##...##...##
. ##...#####...##
...##.........##
....#####'#####..
.................
.................
########'''######


You could see a wraith.

Vanquished Creatures
  A hound (D:4)
  Ijyb (D:3)
  A mummy (Ossuary)
  An adder (D:2)
  2 worms
  A dart slug (D:3)
  2 orcs
  8 bats
  4 endoplasms
  6 giant cockroaches
  13 goblins
  7 hobgoblins
  2 jackals (D:3)
  3 quokkas
  4 ball pythons
  3 frilled lizards
  3 gnoll skeletons (Ossuary)
  4 kobolds
  4 kobold skeletons (Ossuary)
  2 orc skeletons (Ossuary)
  6 rats
78 creatures vanquished.

Vanquished Creatures (collateral kills)
  A dart slug (D:1)
  An endoplasm (D:2)
  A goblin (D:2)
  A jackal (D:3)
  A frilled lizard (D:3)
5 creatures vanquished.

Grand Total: 83 creatures vanquished

Notes
Turn   | Place    | Note
-------+----------+-------------------------------------------
     0 | D:1      | PyroL the Demonspawn Necromancer began the quest for the
                  | Orb.
     0 | D:1      | Reached XP level 1. HP: 13/13 MP: 3/3
   238 | D:1      | Found a faded altar of an unknown god.
   278 | D:1      | Gained mutation: You regenerate magic rapidly. [demonic
                  | ancestry]
   278 | D:1      | Reached XP level 2. HP: 19/19 MP: 0/5
  1236 | D:2      | Gained mutation: When hurt, damage is shared between your
                  | health and your magic reserves. [demonic ancestry]
  1236 | D:2      | Reached XP level 3. HP: 24/24 MP: 4/6
  1272 | D:2      | Learned a level 3 spell: Vampiric Draining
  1457 | D:2      | Reached skill level 5 in Necromancy
  1622 | D:3      | Noticed a phantom
  2029 | D:2      | Reached XP level 4. HP: 25/30 MP: 1/8
  2149 | D:3      | Identified the +2 scale mail "Aplyceorr" {+Blink Str+3}
  2306 | D:3      | Noticed Ijyb
  2339 | D:3      | Killed Ijyb
  2803 | D:3      | Learned a level 4 spell: Animate Dead
  3156 | D:4      | Found a staircase to the Ecumenical Temple.
  3161 | Temple   | Entered the Ecumenical Temple
  3305 | D:4      | Found a sand-covered staircase.
  3325 | D:4      | Reached skill level 6 in Necromancy
  3325 | D:4      | Reached XP level 5. HP: 35/35 MP: 3/9
  3336 | Ossuary  | Entered an ossuary
  3336 | Ossuary  | Noticed a wraith
  3336 | Ossuary  | Noticed a wraith
  3336 | Ossuary  | Noticed a wraith
  3482 | Ossuary  | Noticed a wraith
  3509 | Ossuary  | HP: 1/35 [wraith (6)]
  3515 | Ossuary  | HP: 1/35 [wraith (2)]
  3521 | Ossuary  | Slain by a wraith

Illustrated notes

Levels and vault maps discovered:
D:1:      dpeg_arrival_three_same_balls, layout_loops_corners,
          shapermc_ecumenical_altar_mp_highgroup, corexii_leaking_fountain,
          kennysheep_decorative_pillar
D:2:      kennysheep_the_goblin_king, layout_rooms
D:3:      minmay_wonky_spiral, layout_rooms, hex_large, uniq_ijyb
D:4:      layout_loops_corners, lightli_temple_of_fire,
          nicolae_hepliaklqana_hippocampus, kennysheep_okawaru_gauntlet,
          minmay_temple_entry_overgrown, nicolae_ossuary_entry_ruins
Temple:   hellmonk_temple_rainy
Ossuary:  ossuary_due_mausoleum

Skill      XL: |  1  2  3  4 |
---------------+-------------+-----
Stealth        | 2 |  2.0
Dodging        | 2 |  2.0
Necromancy     | 5 6 |  6.2
Spellcasting   | 3 |  3.1
Armour         | |  0.8

Action                   |  1- 3 |  4- 6 || total
-------------------------+-------+-------++-------
Melee: Whip              |    28 |   129 ||   157
 Cast: Necrotise         |    74 |    26 ||   100
       Vampiric Draining |       |     3 ||     3
       Animate Dead      |       |     1 ||     1
  Use: Scroll            |     2 |     4 ||     6
       Potion            |     1 |     3 ||     4
 Stab: Distracted        |       |     1 ||     1
       Sleeping          |       |     1 ||     1
Armor: Robe              |    17 |    56 ||    73
Dodge: Dodged            |    26 |   134 ||   160

Table legend: (Time is in decaauts)
 A = Elapsed time spent in this place.
 B = Non-inter-level travel time spent in this place.
 C = Inter-level travel time spent in this place.
 D = Time resting spent in this place.
 E = Time spent auto-exploring this place.
 F = Levels seen in this place.
 G = Mean time per level.
                   A        B        C        D        E       F      G
               +--------+--------+--------+--------+--------+-----+--------+
         Total |   3526 |   3317 |    209 |    610 |   1879 |   6 |  587.7 |
       Dungeon |   3304 |   3095 |    209 |    610 |   1788 |   4 |  826.0 |
        Temple |     23 |     23 |      0 |      0 |      9 |   1 |   23.0 |
       Ossuary |    197 |    197 |      0 |      0 |     82 |   1 |  197.0 |
               +--------+--------+--------+--------+--------+-----+--------+

Top non-repeatable levels by time:
     D:1: 1123 daAuts
     D:3: 1064 daAuts
     D:2: 960 daAuts
 Ossuary: 197 daAuts
     D:4: 156 daAuts
  Temple: 23 daAuts
